Map: Rohana LE

Players

Thorstål

  • Race: Terran Terran
  • Spawn Location: 9:00

IIIIIIIllIII

  • Race: Terran Terran
  • League: Gold
  • Spawn Location: 11:00

Nitrate - Winner!

  • Race: Protoss Protoss
  • League: Gold
  • Spawn Location: 5:00

Вагнер - Winner!

  • Race: Zerg Zerg
  • Spawn Location: 3:00

VOD

Have the link to the VOD?

Description

Time

  • Played on: Feb. 26, 2026, 1:51 p.m.
  • Length: 8:34
Show
View Real Time Build Order
Export as new Build Order

Thorstål Terran 

Build Orders:  

Get SALT Encoding   

  12  0:01  SCV  
  13  0:13  SCV  
  14  0:25  SCV  
  14  0:28  Supply Depot  
  15  0:32  Refinery  
  15  0:49  SCV  
  16  1:04  Barracks  
  16  1:08  Refinery  
  16  1:13  Barracks  
  16  1:19  SCV  
  17  1:30  Supply Depot  
  17  1:56  Factory  
  17  1:58  Barracks Tech Lab  
  17  2:01  Barracks Reactor  
  17  2:04  SCV  
  18  2:30  Supply Depot x2  
  15  3:10  Marine  
  15  3:12  Marine  
  15  3:14  Marine  
  14  3:22  Hellion  
  15  3:57  Supply Depot  
  15  4:04  Engineering Bay  
  15  4:18  Marine, SCV, Supply Depot  
  18  4:27  Barracks Reactor  
  18  4:29  Factory Tech Lab  
  17  4:36  Marine, SCV  
  19  4:48  SCV  
  19  4:51  Siege Tank  
  19  5:00  SCV  
  19  5:01  Marine  
  21  5:17  Orbital Command  
  21  5:19  Marine  
  22  5:39  Marine x2  
  22  5:40  Marine  
  25  5:43  SCV  
  26  5:57  Marine  
  26  6:02  Siege Tank  
  30  6:15  Supply Depot  
  30  6:19  SCV  
  31  6:37  SCV  
  32  6:40  Supply Depot  
  32  6:54  Command Center  
  32  6:56  SCV  
  33  7:08  SCV  
  34  7:20  SCV  
  35  7:32  SCV  
  35  7:44  SCV  
  34  7:56  SCV  
  34  7:57  Marine  
  34  7:58  Marine x2  
  29  8:01  Siege Tank  
  10  8:15  Marine x2  
  10  8:16  Marine  
Show
View Real Time Build Order
Export as new Build Order

IIIIIIIllIII Terran 

Build Orders: Liberator Opening, Reaper Expand 

Get SALT Encoding   

  12  0:02  SCV  
  13  0:14  SCV  
  14  0:23  Supply Depot  
  14  0:26  SCV  
  15  0:37  Refinery  
  15  0:44  SCV  
  15  0:48  Barracks  
  16  1:00  Supply Depot  
  16  1:13  Refinery  
  16  1:31  SCV  
  17  1:46  SCV  
  19  1:54  Reaper  
  19  1:58  Factory  
  19  2:00  Orbital Command  
  19  2:26  Marine  
  19  2:29  Command Center  
  20  3:07  Factory Tech Lab  
  20  3:13  Armory  
  20  3:15  Starport  
  20  3:17  SCV  
  21  3:29  SCV  
  22  3:41  SCV  
  23  3:45  Orbital Command  
  22  3:49  Siege Tank  
  22  3:55  Liberator  
  24  4:10  Marine  
  24  4:21  Siege Tank  
  27  5:00  Orbital Command  
  27  5:01  Starport Tech Lab  
  27  5:15  Thor  
  33  5:31  Command Center  
  33  5:45  Banshee  
  36  6:02  Engineering Bay  
  36  6:12  Command Center  
  36  6:13  Orbital Command  
  36  6:27  Barracks Tech Lab, Widow Mine  
  38  6:38  Banshee  
  41  6:58  Orbital Command  
  41  7:09  Missile Turret  
Show
View Real Time Build Order
Export as new Build Order

Nitrate Protoss - Winner!

Build Orders: 1 Gate Expand 

Get SALT Encoding   

  12  0:00  Probe  
  13  0:12  Probe  
  14  0:19  Pylon  
  14  0:25  Probe  
  15  0:33  Probe  
  15  0:41  Gateway  
  15  0:42  Probe  
  17  0:50  Assimilator  
  17  0:56  Probe  
  18  1:08  Probe  
  19  1:26  Probe  
  19  1:30  Nexus  
  20  1:40  Cybernetics Core  
  20  1:45  Probe  
  21  1:51  Assimilator  
  21  1:56  Warp Gate  
  21  2:00  Probe  
  22  2:03  Pylon  
  22  2:12  Probe  
  23  2:18  Stalker  
  25  2:24  Probe  
  26  2:36  Probe  
  27  2:38  Gateway  
  27  2:45  Probe  
  27  2:48  Probe  
  27  2:51  Stalker  
  29  2:57  Probe  
  32  3:00  Probe  
  33  3:09  Probe  
  33  3:10  Twilight Council  
  33  3:11  Probe  
  34  3:21  Probe  
  34  3:23  Stalker  
  34  3:24  Stalker  
  39  3:28  Probe  
  40  3:34  Forge  
  40  4:11  Protoss Ground Weapons Level 1  
  40  4:17  Probe  
  40  4:18  Stalker x2  
  40  4:22  Blink  
  45  4:25  Photon Cannon  
  45  4:28  Pylon  
  43  4:34  Probe  
  40  5:01  Probe  
  40  5:02  Stalker x2  
  45  5:09  Gateway  
  45  5:10  Gateway, Probe  
  46  5:14  Pylon  
  46  5:17  Photon Cannon  
  46  5:21  Shield Battery  
  46  5:22  Probe  
  46  5:23  Probe, Shield Battery  
  46  5:28  Gateway  
  48  5:32  Assimilator  
  48  5:34  Assimilator  
  48  5:35  Probe x2  
  50  5:47  Probe x2  
  50  5:54  Stalker  
  50  5:55  Stalker  
  54  5:59  Probe x2  
  56  6:10  Pylon  
  56  6:11  Probe  
  57  6:19  Robotics Facility  
  57  6:26  Stalker x2  
  57  6:29  Stalker x2  
  57  6:32  Stalker  
  67  6:34  Pylon  
  67  6:40  Charge  
  67  7:05  Stalker x2  
  67  7:06  Stalker x3  
  77  7:12  Pylon  
  77  7:13  Probe  
  77  7:14  Pylon  
  78  7:23  Photon Cannon  
  78  7:26  Observer, Photon Cannon  
  78  7:30  Probe x2  
  81  7:42  Probe x2  
  81  7:54  Probe x2  
  81  7:56  Nexus  
  71  8:06  Probe  
  71  8:07  Observer  
  69  8:19  Stalker x5  
Show
View Real Time Build Order
Export as new Build Order

Вагнер Zerg - Winner!

Build Orders: Pool First 

Get SALT Encoding   

  12  0:02  Drone  
  13  0:08  Drone  
  14  0:28  Spawning Pool  
  13  0:29  Drone  
  13  0:33  Extractor  
  13  0:35  Drone  
  14  0:44  Overlord  
  14  1:02  Drone  
  14  1:03  Drone  
  16  1:17  Queen  
  18  1:22  Zergling x4  
  20  1:30  Zergling x2  
  21  1:33  Metabolic Boost  
  21  1:39  Drone  
  22  2:05  Overlord  
  22  2:07  Hatchery  
  21  2:13  Drone  
  22  2:24  Drone x2  
  22  2:25  Overlord  
  23  2:51  Drone x2  
  23  2:52  Drone  
  26  3:03  Drone  
  27  3:14  Drone  
  27  3:26  Drone  
  27  3:27  Queen  
  27  3:29  Lair  
  27  3:32  Extractor  
  28  3:37  Roach Warren  
  28  3:39  Drone x2  
  28  3:40  Evolution Chamber  
  28  3:42  Evolution Chamber  
  27  4:04  Drone x2  
  27  4:05  Drone  
  27  4:08  Extractor, Drone x2  
  31  4:21  Drone x2  
  31  4:22  Drone  
  34  4:25  Hatchery  
  34  4:27  Glial Reconstitution  
  34  4:29  Drone  
  34  4:30  Drone  
  35  4:39  Overlord  
  35  4:40  Drone x2  
  37  4:57  Spire  
  36  5:01  Spire  
  36  5:03  Drone x2  
  36  5:04  Infestation Pit  
  36  5:09  Drone x2  
  36  5:10  Extractor  
  36  5:11  Drone  
  36  5:14  Drone  
  39  5:17  Drone  
  39  5:19  Drone  
  41  5:22  Drone  
  41  5:26  Drone  
  41  5:27  Drone  
  44  5:30  Drone  
  44  5:35  Drone x2  
  47  5:36  Drone  
  47  5:38  Drone  
  49  5:43  Drone x2  
  51  5:56  Drone  
  52  5:57  Queen  
  52  5:59  Overlord  
  54  6:05  Overlord  
  54  6:09  Drone x2  
  56  6:12  Extractor  
  56  6:15  Extractor  
  54  6:21  Mutalisk x4  
  54  6:22  Mutalisk  
  54  6:24  Mutalisk  
  66  6:28  Mutalisk  
  66  6:31  Mutalisk  
  70  6:34  Overlord  
  70  6:42  Drone x2  
  72  6:50  Mutalisk  
  74  6:56  Overlord  
  74  6:57  Overlord, Mutalisk  
  74  6:58  Mutalisk  
  78  7:07  Drone x2  
  80  7:10  Drone x2  
  82  7:15  Spore Crawler  
  82  7:17  Spore Crawler  
  82  7:20  Spore Crawler, Mutalisk  
  82  7:21  Spore Crawler x2  
  79  7:28  Drone x4  
  83  7:34  Spore Crawler  
  83  7:35  Spore Crawler  
  83  7:36  Drone x2  
  83  7:39  Mutalisk  
  85  7:45  Mutalisk x2  
Tags
 
Add a new tag
Caveats
  • Supply blocks, unpowered buildings, or Contaminate may cause inaccurate times.
  • Supply counts are checked every 10 seconds.